 Dungeon Crawl Stone Soup version 0.24.0-123-gd5b16e6ec5 (webtiles) character file.

Game seed: 7246278760396018882, levelgen mode: deterministic

154 war10ck the Cudgeler (level 5, -5/45 HPs)
             Began as a Minotaur Berserker on Jan 12, 2020.
             Was a Believer of Trog.
             Slain by an ice beast (13 damage)
             ... on level 3 of the Dungeon.
             The game lasted 00:09:07 (2478 turns).

war10ck the Cudgeler (Minotaur Berserker)           Turns: 2478, Time: 00:09:07

Health: -5/45      AC:  5    Str: 21    XL:     5   Next: 13%
Magic:  4/4        EV: 11    Int:  4    God:    Trog [**....]
Gold:   76         SH:  0    Dex: 11    Spells: 4/4 levels left

rFire    . . .     SeeInvis +   a - +0 mace
rCold    . . .     Gourm    .   (no shield)
rNeg     . . .     Faith    .   m - +0 ring mail
rPois    .         Spirit   .   (helmet restricted)
rElec    .         Reflect  .   (no cloak)
rCorr    .         Harm     .   (no gloves)
MR       .....                  (no boots)
Stlth    +.........             (no amulet)
HPRegen  0.15/turn              n - ring of see invisible
MPRegen  0.09/turn              (no ring)

@: no status effects
A: retaliatory headbutt, horns 2
a: Berserk, Trog's Hand, Renounce Religion


You were on level 3 of the Dungeon.
You worshipped Trog.
Trog was pleased with you.
You were not hungry.

You visited 1 branch of the dungeon, and saw 3 of its levels.

You collected 76 gold pieces.

Inventory:

Hand Weapons
 a - a +0 mace (weapon)
Armour
 b - a +1 animal skin
 j - a +0 leather armour
 m - a +0 ring mail (worn)
Jewellery
 g - a cursed amulet of inaccuracy
 n - a ring of see invisible (left hand)
Scrolls
 f - a scroll of blinking
 h - 2 scrolls of teleportation
 i - 2 scrolls of noise
 k - a scroll of random uselessness
 q - a scroll of magic mapping {unknown}
Potions
 d - a potion of flight {unknown}
 e - a potion of berserk rage
 l - 2 potions of haste {unknown}
 p - 2 potions of might {unknown}
Comestibles
 c - 2 rations


   Skills:
 - Level 3.6 Fighting
 + Level 7.1 Maces & Flails
 - Level 2.4 Armour
 - Level 2.1 Dodging


You had 4 spell levels left.
You didn't know any spells.
Your spell library was empty.

Dungeon Overview and Level Annotations

Branches:
Dungeon (3/15)

Altars:


Innate Abilities, Weirdness & Mutations

You reflexively headbutt those who attack you in melee.
You have a pair of horns on your head.


Message History

The ice beast is severely wounded.
The ice beast hits you. The ice beast freezes you!
* * * LOW HITPOINT WARNING * * *
You are too injured to fight recklessly!
You are too injured to fight recklessly!
You are too injured to fight recklessly!
You are too injured to fight recklessly!
You hit the ice beast but do no damage.
The ice beast is severely wounded.
The ice beast closely misses you. You furiously retaliate!
You headbutt the ice beast. You hit the ice beast but do no damage.
Your headbutt misses the ice beast.
The ice beast is almost dead.
The ice beast barely misses you.
You hit the ice beast but do no damage. Your headbutt misses the ice beast.
The ice beast is almost dead.
The ice beast hits you.
* * * LOW HITPOINT WARNING * * *
The ice beast freezes you!
You die...

.....#
#######...###.###.###
###..+ .........+ #.#
##.######.......#+#.#
##.....'....###....#
#....##....##.....#
####.##....##.....#
#.......##.....#
#.>........[...#
.......##..@#######.# .
..........+..(Y........
.
..#....#####...#...#....
. . ##.... #.........'..
. .. ##### #.###.....#..
.> ... #.$#..... ... ...
#...#...♣ ... .. ....
..≈.≈ ... .##..#.P≈≈.


You could see an ice beast.

Vanquished Creatures
  An orc priest (D:3)
  Jessica (D:3)
  2 adders (D:2)
  3 worms
  2 dart slugs (D:1)
  A leopard gecko (D:1)
  8 orcs
  2 giant cockroaches
  7 goblins
  7 hobgoblins
  2 ball pythons
  3 bats
  3 frilled lizards (D:2)
  12 kobolds
  5 rats
59 creatures vanquished.

Notes
Turn   | Place    | Note
-------+----------+-------------------------------------------
     0 | D:1      | war10ck the Minotaur Berserker began the quest for the Orb.
     0 | D:1      | Reached XP level 1. HP: 19/19 MP: 0/0
    76 | D:1      | Reached skill level 4 in Maces & Flails
   111 | D:1      | Reached XP level 2. HP: 26/26 MP: 1/1
   665 | D:1      | Reached skill level 5 in Maces & Flails
   830 | D:2      | Reached XP level 3. HP: 31/31 MP: 2/2
   922 | D:2      | Reached ** piety under Trog
  1507 | D:2      | Reached skill level 6 in Maces & Flails
  1507 | D:2      | Reached XP level 4. HP: 4/39 MP: 3/3
  2138 | D:3      | Noticed Jessica
  2143 | D:3      | Killed Jessica
  2143 | D:3      | Reached skill level 7 in Maces & Flails
  2143 | D:3      | Reached XP level 5. HP: 45/45 MP: 4/4
  2471 | D:3      | Noticed an ice beast
  2478 | D:3      | Slain by an ice beast

Levels and vault maps discovered:
D:1:      matt_arrival_spirals, layout_basic
D:2:      layout_loops_ring
D:3:      layout_basic, lemuel_round_altar, ebering_ghost_rock_garden,
          chequers_ecumenical_altar_grove, minmay_misc_feat_tower,
          hangedman_abyss_or_decor_stabs, serial_bayou_pond_b,
          makhleb_blood_cavern_becter, uniq_jessica

Skill      XL: |  1  2  3  4 |
---------------+-------------+-----
Maces & Flails | 4 5 6 7 |  7.1
Fighting       | |  3.6
Armour         | |  2.4
Dodging        | |  2.1

Action                   |  1- 3 |  4- 6 || total
-------------------------+-------+-------++-------
Melee: Mace              |    82 |    40 ||   122
       Headbutt          |    10 |     5 ||    15
Invok: Trog's Hand       |       |     1 ||     1
  Use: Scroll            |     8 |       ||     8
  Eat: Chunk             |     1 |     1 ||     2
       Ration            |       |     1 ||     1
Armor: Animal skin       |    19 |       ||    19
       Leather armour    |     2 |     1 ||     3
       Ring mail         |       |     8 ||     8
Dodge: Dodged            |    64 |    21 ||    85
